 Dungeon Crawl Stone Soup version 0.30.1-9-gdf580d7c3d (webtiles) character file.

Game seed: 311186036264249303

508 Ivernyr the Ducker (level 6, -2/32 HPs)
             Began as a Spriggan Gladiator on Sept 24, 2023.
             Killed by nerve-wracking pain
             ... invoked by an orc priest
              (14 damage)
             ... on level 5 of the Dungeon.
             The game lasted 00:06:29 (4137 turns).

Ivernyr the Ducker (Spriggan Gladiator)             Turns: 4137, Time: 00:06:30

Health: -2/32      AC:  2    Str: 10    XL:     6   Next: 98%
Magic:  7/7        EV: 21    Int:  9    God:
Gold:   184        SH:  0    Dex: 19    Spells: 5/5 levels left

rFire   . . .        a - +2 short sword (venom)
rCold   . . .        (no shield)
rNeg    . . .        b - +0 robe
rPois   .            c - +0 hat
rElec   .            w - scarf {repulsion}
rCorr   .            (gloves unavailable)
SInv    +            (boots unavailable)
Will    +....        (no amulet)
Stlth   ++           (no ring)
HPRegen 0.25/turn    (no ring)
MPRegen 0.10/turn

%: repel missiles
@: very quick
A: very small, no large weapons, unfitting armour, see invisible, speed 3
a: no special abilities


You were on level 5 of the Dungeon.
You visited 1 branch of the dungeon, and saw 5 of its levels.

You collected 184 gold pieces.

Inventory:

Hand Weapons
 a - a +2 short sword of venom (weapon)
Missiles
 d - 3 throwing nets (quivered)
 e - 2 boomerangs
Armour
 b - a +0 robe (worn)
 c - a +0 hat (worn)
 w - a scarf of repulsion (worn)
Wands
 v - a wand of quicksilver (11)
Scrolls
 f - a scroll of enchant armour {unknown}
 i - a scroll of noise {unknown}
 j - 2 scrolls of torment {unknown}
 l - 3 scrolls of identify {unknown}
 m - a scroll of immolation {unknown}
 o - a scroll of magic mapping {unknown}
 r - 2 scrolls of silence {unknown}
 s - a scroll of teleportation {unknown}
 u - a scroll of amnesia {unknown}
Potions
 h - a potion of haste {unknown}
 k - a potion of berserk rage {unknown}
 n - a potion of might {unknown}
 p - a potion of heal wounds {unknown}
 q - a potion of flight {unknown}
 t - a potion of curing {unknown}


   Skills:
 + Level 3.1 Fighting
 * Level 4.5 Long Blades
 - Level 2.0 Throwing
 + Level 2.2 Armour
 + Level 5.8 Dodging


You had 5 spell levels left.
You didn't know any spells.
Your spell library was empty.

Dungeon Overview and Level Annotations

Branches:
Dungeon (5/15)
 Temple: D:4-7

Altars:
Makhleb

Annotations:
D:5 3 runed translucent doors, LucemDeus's ghost, novice KoBr


Innate Abilities, Weirdness & Mutations

You are very small and have problems with some larger weapons.
You are too small for most types of armour.
You have supernaturally acute eyesight. (SInv)
You cover ground extremely quickly. (Speed+++)


Message History

LucemDeus's ghost wails, "There is no future for me!"
An orc is nearby!
An orc is nearby!
You see here a worm corpse.
An orc comes into view.
It is wielding a +0 club and quivering boomerangs of dispersal.
An orc priest comes into view. It is wielding a +0 dagger.
An orc comes into view. It is wielding a +0 short sword.
The orc shouts!
The orc priest shouts!
The orc shouts! x2
The orc hits you with a +0 short sword.
You barely miss the orc. The orc completely misses you.
You hit the orc.
The orc is lightly wounded.
You barely miss the orc.
The orc is lightly wounded.
The orc barely misses you.
The orc priest calls down the wrath of Beogh upon you.
Beogh smites you!
Ouch! That really hurt!
You barely miss the orc.
The orc is lightly wounded.
The orc completely misses you.
You hit the orc.
The orc is poisoned.
The orc is almost dead.
You kill the orc!
You hit the orc but do no damage. The orc misses you.
You hit the orc.
The orc is almost dead.
The orc misses you.
You hit the orc.
You kill the orc!
The orc priest invokes the aid of Beogh against you.
You resist with significant effort.
Items here: ( )) †.
You closely miss the orc priest.
The orc priest hits you with a +0 dagger.
You closely miss the orc priest.
The orc priest invokes the aid of Beogh against you.
Pain shoots through your body!
You die...

######### ##.#.#.#.## ..........
##.......## ##### #.....>...#
#..<############ ##wc.....##
#........).†...##### #.........#
#.#.######......@oo####..)....##
....####...##+++##..............
#.#...##.###KKKKW##...#.#.#.#.#.
#.#.#.##.##.K#K#KK#.......### ..
# #.#.#...#8.#K#.8#.......# .
..#.....#..#.#.P#.......#
######...##.....##.......#
#†...##.$.########### #.#...# ##


You could see a kobold brigand, an orc priest, LucemDeus's ghost, an orc and 8
kobolds.

Vanquished Creatures
  Edmund (D:4)
  A centaur (D:5)
  A phantom (D:4)
  A hound (D:5)
  Natasha (thrice) (D:2)
  An iguana (D:4)
  An adder (D:3)
  3 worms
  2 dart slugs (D:1)
  11 orcs
  8 bats
  5 endoplasms
  3 giant cockroaches
  8 goblins
  6 hobgoblins
  2 quokkas (D:3)
  5 ball pythons
  4 frilled lizards (D:1)
  6 kobolds
  4 rats
76 creatures vanquished.

Notes
Turn   | Place    | Note
-------+----------+-------------------------------------------
     0 | D:1      | Ivernyr the Spriggan Gladiator began the quest for the Orb.
     0 | D:1      | Reached XP level 1. HP: 10/10 MP: 2/2
   133 | D:1      | Reached XP level 2. HP: 15/15 MP: 3/3
   698 | D:2      | Reached XP level 3. HP: 18/18 MP: 4/4
  1097 | D:2      | Noticed Natasha
  1099 | D:2      | Found a burning altar of Makhleb.
  1105 | D:2      | Killed Natasha
  1106 | D:2      | Reached skill level 1 in Armour
  1106 | D:2      | Reached XP level 4. HP: 16/23 MP: 5/5
  1171 | D:2      | Noticed Natasha
  1179 | D:2      | Killed Natasha
  1532 | D:2      | Noticed Natasha
  1540 | D:2      | Killed Natasha
  1809 | D:3      | Reached XP level 5. HP: 27/27 MP: 6/6
  2775 | D:4      | Reached skill level 5 in Dodging
  3066 | D:4      | Noticed a phantom
  3081 | D:4      | Killed a phantom
  3082 | D:4      | Reached XP level 6. HP: 29/32 MP: 7/7
  3212 | D:4      | Noticed Edmund
  3345 | D:4      | Killed Edmund
  3895 | D:5      | Entered Level 5 of the Dungeon
  3925 | D:5      | Found a runed translucent gate.
  3925 | D:5      | Found a runed translucent gate.
  3925 | D:5      | Found a runed translucent gate.
  3927 | D:5      | Noticed LucemDeus's ghost (novice KoBr)
  4137 | D:5      | Killed from afar by an orc priest

Illustrated notes

Levels and vault maps discovered:
D:1:      giann_forest_graveyard, layout_loops_ring
D:2:      layout_basic, basic_altar, hex_medium, roderic_lattice_a, uniq_natasha
D:3:      layout_loops_ring, minmay_misc_feat_tower, st_stairs_13,
          minmay_parallelograms, nicolae_hexahallways
D:4:      layout_layer_cave, uniq_edmund
D:5:      layout_basic, minmay_temple_entry_poolview,
          gammafunk_ghost_nasty_kobolds, st_stairs_4, nrook_campfire,
          kennysheep_pointless_box, bh_walls_and_bars

Skill      XL: |  1  2  3  4  5  6 |
---------------+-------------------+-----
Long Blades    | 3 4 |  4.5
Fighting       | 2 3 |  3.1
Armour         | 1 2 |  2.2
Dodging        | 5 |  5.8
Throwing       | |  2.0

Action                     |  1- 3 |  4- 6 || total
---------------------------+-------+-------++-------
  Melee: Long sword        |   116 |    45 ||   161
         Short sword       |       |   104 ||   104
   Stab: Sleeping          |       |     2 ||     2
 Armour: Robe              |    14 |    15 ||    29
  Dodge: Dodged            |   108 |   119 ||   227
